 Dungeon Crawl Stone Soup version 0.28-a0-1395-g4f6bc678fa (webtiles) character file.

Game seed: 11005859283631447218

230 gimp the Skirmisher (level 5, 0/43 HPs)
             Began as a Mummy Wanderer on Jan 5, 2022.
             Slain by an iguana (3 damage)
             ... on level 4 of the Dungeon.
             The game lasted 00:03:03 (3190 turns).

gimp the Skirmisher (Mummy Wanderer)                Turns: 3190, Time: 00:03:04

Health: 0/43       AC: 11    Str: 19    XL:     5   Next: 72%
Magic:  5/5        EV:  6    Int:  7    God:
Gold:   102        SH:  0    Dex: 14    Spells: 4/4 levels left

rFire   x . .      SeeInvis .   a - +0 mace
rCold   + . .      Faith    .   (no shield)
rNeg    + + +      Spirit   .   g - +0 plate armour
rPois   ∞          Reflect  .   (no helmet)
rElec   .          Harm     .   (no cloak)
rCorr   .          Rampage  .   (no gloves)
Will    +....                   d - +0 pair of boots
Stlth   ..........              (no amulet)
HPRegen 0.14/turn               h - ring of willpower
MPRegen 0.09/turn               (no ring)

@: no status effects
A: cold resistance 1, negative energy resistance 3, torment resistance 2, heat
vulnerability 1, no potions
a: no special abilities


You were on level 4 of the Dungeon.
You visited 1 branch of the dungeon, and saw 4 of its levels.

You collected 102 gold pieces.

Inventory:

Hand Weapons
 a - a +0 mace (weapon)
 b - a +0 vorpal shortbow
 c - the +7 great mace "Undeadhunter" {disrupt, rN+}
   (You found it on level 3 of the Dungeon)

   It inflicts significantly more damage against the undead.
   rN:        It protects you from negative energy.
 f - a +0 short sword
Missiles
 i - 70 arrows
Armour
 d - a +0 pair of boots (worn)
 g - a +0 plate armour (worn)
Jewellery
 h - a ring of willpower (left hand)
 k - an amulet of guardian spirit
Wands
 l - a wand of iceblast (5)
Scrolls
 e - 3 scrolls of teleportation {unknown}
 j - a scroll of identify {unknown}


   Skills:
 * Level 4.4 Fighting
 - Level 2.4 Short Blades
 + Level 2.4 Maces & Flails
 - Level 2.4 Bows
 - Level 3.2 Dodging


You had 4 spell levels left.
You didn't know any spells.
Your spell library contained the following spells:

 Spells                   Type           Power      Damage    Failure   Level
 Passwall                 Tmut/Erth      0%         N/A       100%        2
 Swiftness                Air            0%         N/A       100%        3


Dungeon Overview and Level Annotations

Branches:
Dungeon (4/15)
 Temple: D:4-7

Altars:
Qazlal

Annotations:
D:3 Sigmund


Innate Abilities, Weirdness & Mutations

You are immune to poison.
Your flesh is cold resistant. (rC+)
You are immune to negative energy. (rN+++)
You are immune to unholy pain and torment.
You are vulnerable to heat. (rF-)
You do not drink.


Message History

The centaur skeleton hits you but does no damage.
The centaur skeleton barely misses you.
You hit the centaur skeleton.
The centaur skeleton is almost destroyed.
The centaur skeleton hits you but does no damage.
The centaur skeleton completely misses you.
The centaur skeleton hits you.
The centaur skeleton kicks you but does no damage.
You take 1 damage, and have 34/42 hp.
A centaur skeleton is nearby!
You sock the centaur skeleton!
You destroy the centaur skeleton!
No target in view!
l - a wand of iceblast (5) Health restored: 43 No target in view!
As you open the door, it creaks loudly!
You hear an angry hiss.
Found a glowing yellow potion.
There is an open door here.
You open the door.
An iguana comes into view.
There is an open door here.
An iguana is nearby!
You hit the iguana but do no damage. The iguana bites you.
You take 3 damage, and have 40/43 hp.
You hit the iguana but do no damage. The iguana bites you!
The iguana bites you.
You take 11 damage, and have 29/43 hp.
MASSIVE DAMAGE!!
You hit the iguana but do no damage. The iguana bites you!
You take 7 damage, and have 22/43 hp.
You hit the iguana but do no damage. The iguana bites you.
You take 2 damage, and have 20/43 hp.
You are too injured to fight recklessly!
You are too injured to fight recklessly!
You completely miss the iguana. The iguana bites you!
You take 7 damage, and have 13/43 hp.
You hit the iguana but do no damage. The iguana bites you!
* * * LOW HITPOINT WARNING * * *
The iguana bites you.
You die...

#...#.............
+.. #.............
#.. #.............
#.. #.............
#.###........)....
####.#....#+###......
#!...'....#...'......
#...l#....+...#......
+...@#....#...#......
####'#....#...#......
#.........#...#......
#.........#...#......
+.........#...#......
#.........#...#......
......#####...##.....
.......+ #.....
.$......# #.....


You could see an iguana.

Vanquished Creatures
  A water moccasin skeleton (D:4)
  A centaur skeleton (D:4)
  2 hound zombies (D:4)
  2 howler monkey zombies (D:4)
  5 adders
  An adder skeleton (D:4)
  An adder zombie (D:4)
  A worm (D:3)
  3 dart slugs (D:1)
  An orc (D:3)
  3 ball pythons
  2 endoplasms
  2 giant cockroaches
  3 goblins (D:2)
  4 hobgoblins
  4 jackals (D:2)
  5 kobolds
  2 quokkas (D:1)
  A frilled lizard (D:2)
  3 rats
47 creatures vanquished.

Notes
Turn   | Place    | Note
-------+----------+-------------------------------------------
     0 | D:1      | gimp the Mummy Wanderer began the quest for the Orb.
     0 | D:1      | gimp set off with the following items: a +0 vorpal
                  | shortbow, 30 arrows, a +0 short sword, a +0 pair of boots,
                  | a +0 leather armour
     0 | D:1      | Reached XP level 1. HP: 13/13 MP: 1/1
   227 | D:1      | Reached skill level 1 in Fighting
   302 | D:1      | Reached XP level 2. HP: 21/21 MP: 2/2
   952 | D:2      | Found a stormy altar of Qazlal.
   960 | D:2      | Reached skill level 2 in Fighting
   960 | D:2      | Reached skill level 1 in Maces & Flails
   960 | D:2      | Reached XP level 3. HP: 22/27 MP: 3/3
  1421 | D:2      | Reached XP level 4. HP: 25/34 MP: 4/4
  1780 | D:2      | Reached skill level 3 in Fighting
  1981 | D:2      | Found a faded altar of an unknown god.
  2127 | D:3      | Found the +7 great mace "Undeadhunter" {disrupt, rN+}
  2571 | D:3      | Noticed Sigmund
  2932 | D:4      | Reached skill level 4 in Fighting
  2932 | D:4      | Reached XP level 5. HP: 26/42 MP: 5/5
  3190 | D:4      | Slain by an iguana

Illustrated notes

Levels and vault maps discovered:
D:1:      dpeg_arrival_arbitrary_b, layout_basic
D:2:      layout_loops_corners, hellmonk_ecumenical_altar_inner_sanctum,
          basic_altar, minmay_misc_feat_cross
D:3:      layout_basic, riverfiend_overflow_shadow_ancestor, uniq_sigmund
D:4:      layout_gridville, nicolae_ashenzari_skybound, serial_undead,
          serial_undead_e, serial_undead_c, serial_undead_a, serial_undead_f,
          serial_undead_d, serial_undead_c

Skill      XL: |  1  2  3  4 |
---------------+-------------+-----
Fighting       | 1 2 4 |  4.4
Maces & Flails | 1 2 |  2.4
Short Blades   | |  2.4
Bows           | |  2.4
Dodging        | |  3.2

Action                   |  1- 3 |  4- 6 || total
-------------------------+-------+-------++-------
Melee: Mace              |   107 |   114 ||   221
Armor: Plate armour      |    87 |   115 ||   202
Dodge: Dodged            |    46 |    49 ||    95

Table legend: (Time is in decaauts)
 A = Elapsed time spent in this place.
 B = Non-inter-level travel time spent in this place.
 C = Inter-level travel time spent in this place.
 D = Time resting spent in this place.
 E = Time spent auto-exploring this place.
 F = Levels seen in this place.
 G = Mean time per level.
                   A        B        C        D        E       F      G
               +--------+--------+--------+--------+--------+-----+--------+
         Total |   3263 |   3175 |     88 |      0 |   2594 |   4 |  815.8 |
       Dungeon |   3263 |   3175 |     88 |      0 |   2594 |   4 |  815.8 |
               +--------+--------+--------+--------+--------+-----+--------+

Top non-repeatable levels by time:
     D:2: 1316 daAuts
     D:1: 872 daAuts
     D:4: 571 daAuts
     D:3: 502 daAuts
